 Dungeon Crawl Stone Soup version 0.30-a0-778-g2ef04afb54 (webtiles) character file.

Game seed: 17253837054870531812

310 bande the Chopper (level 6, -3/38 HPs)
             Began as a Gargoyle Fighter on Feb 16, 2023.
             Slain by an iguana (10 damage)
             ... on level 4 of the Dungeon.
             The game lasted 00:05:14 (2682 turns).

bande the Chopper (Gargoyle Fighter)                Turns: 2682, Time: 00:05:15

Health: -3/38      AC: 13    Str: 19    XL:     6   Next: 41%
Magic:  6/6        EV:  9    Int:  9    God:
Gold:   163        SH:  4    Dex: 11    Spells: 5/5 levels left

rFire   . . .      SeeInvis .    a - +0 war axe
rCold   . . .      Faith    .    c - +0 buckler
rNeg    + . .      Spirit   .    b - +0 scale mail
rPois   ∞          Reflect  .    (no helmet)
rElec   +          Harm     .    (no cloak)
rCorr   .          Rampage  .    k - +1 pair of gloves
Will    .....                    (no boots) Stlth
                                 (no amulet)
HPRegen 0.26/turn                (no ring)
MPRegen 0.10/turn                (no ring)

@: no status effects
A: sickness immunity, AC +4, negative energy resistance 1, electricity
resistance, torment resistance 1, petrification resistance
a: no special abilities


You were on level 4 of the Dungeon.
You visited 1 branch of the dungeon, and saw 4 of its levels.

You collected 163 gold pieces.

Inventory:

Hand Weapons
 a - a +0 war axe (weapon)
 g - a +0 flail
Armour
 b - a +0 scale mail (worn)
 c - a +0 buckler (worn)
 k - a +1 pair of gloves (worn)
Jewellery
 o - a ring of ice
 r - a ring of wizardry
Scrolls
 m - 2 scrolls of amnesia
 s - a scroll of identify
Potions
 d - 7 potions of might
 e - 2 potions of haste
 f - a potion of degeneration {unknown}
 h - a potion of resistance
 i - 4 potions of heal wounds
 j - a potion of mutation {unknown}
 l - 2 potions of curing {unknown}
 n - a potion of lignification {unknown}
 p - a potion of flight {unknown}


   Skills:
 + Level 4.0 Fighting
 + Level 4.7 Axes
 + Level 4.5 Armour
 + Level 3.8 Shields


You had 5 spell levels left.
You didn't know any spells.
Your spell library was empty.

Dungeon Overview and Level Annotations

Branches:
Dungeon (4/15)
 Temple: D:4-7

Altars:
Qazlal


Innate Abilities, Weirdness & Mutations

You are immune to sickness and miasma.
Your stone body is resilient. (AC +4)
You are immune to poison.
You resist negative energy. (rN+)
You are resistant to electric shocks. (rElec)
You are resistant to unholy torment.
You are immune to petrification.


Message History

The iguana misses you.
You hit the iguana but do no damage.
The iguana is severely wounded.
You hit the dart slug. You hit the goblin.
The goblin hits you but does no damage. The iguana bites you!
The dart slug launches a dart at you. The slug dart hits you.
* * * LOW HITPOINT WARNING * * *
You are too injured to fight recklessly!
You are too injured to fight recklessly!
You are too injured to fight recklessly!
You are too injured to fight recklessly!
You are too injured to fight recklessly!
You are too injured to fight recklessly!
You are too injured to fight recklessly!
You are too injured to fight recklessly!
You are too injured to fight recklessly!
Unknown command.
You hit the iguana.
The iguana is severely wounded.
You hit the dart slug but do no damage. You hit the goblin.
You kill the goblin!
The iguana barely misses you.
You hit the iguana but do no damage.
The iguana is severely wounded.
You hit the dart slug. The iguana misses you. You block the dart slug's attack.
Unknown command.
You barely miss the iguana.
The iguana is severely wounded.
You hit the dart slug. The iguana closely misses you.
The dart slug bites you but does no damage.
The iguana bites you.
* * * LOW HITPOINT WARNING * * *
Unknown command.
You hit the iguana.
The iguana is almost dead.
You slash the dart slug!
You kill the dart slug!
The iguana bites you!
You die...

# #. ## # .. .....#
#. .# .#...# #.
.##. ...# #.
..###..# #.#l.$#..#
#)@###..###
#.##.......## #.
#.#......# ..
#........# .#
#...###..##.### #
#.#. ##...#...## .
#
..##...##....#....
.................#
...........#.####..


You could see an iguana.

Vanquished Creatures
  The ghost of valliere the Insei, an amateur OpTm of Ignis (D:3)
  2 hounds (D:4)
  An orc priest (D:4)
  An orc wizard (D:4)
  An adder (D:2)
  A worm (D:3)
  3 dart slugs
  2 orcs (D:4)
  6 endoplasms
  2 giant cockroaches
  8 goblins
  6 hobgoblins
  6 jackals
  A quokka (D:3)
  7 ball pythons
  2 bats (D:3)
  7 kobolds
  3 rats (D:1)
60 creatures vanquished.

Notes
Turn   | Place    | Note
-------+----------+-------------------------------------------
     0 | D:1      | bande the Gargoyle Fighter began the quest for the Orb.
     0 | D:1      | Reached XP level 1. HP: 14/14 MP: 1/1
    78 | D:1      | Reached XP level 2. HP: 14/19 MP: 2/2
   751 | D:1      | Reached XP level 3. HP: 21/23 MP: 3/3
  1014 | D:2      | You fall into a shaft and drop 1 floor!
  1014 | D:3      | Found a stormy altar of Qazlal.
  1290 | D:2      | Found a faded altar of an unknown god.
  1749 | D:3      | Found a runed translucent door.
  1818 | D:3      | Noticed valliere's ghost (amateur OpTm)
  1853 | D:3      | Reached XP level 4. HP: 25/28 MP: 4/4
  2336 | D:3      | Killed valliere's ghost
  2337 | D:3      | Reached XP level 5. HP: 27/33 MP: 5/5
  2476 | D:4      | Reached XP level 6. HP: 25/38 MP: 6/6
  2682 | D:4      | Slain by an iguana

Illustrated notes

Levels and vault maps discovered:
D:1:      dpeg_arrival_radiant, layout_basic, amethyst_killhole
D:2:      layout_rooms, basic_ecumenical_altar
D:3:      layout_loops_ring, grunt_qazlal_sundering,
          ebering_ghost_reflecting_pool, nicolae_hexahallways
D:4:      layout_cave_pools, minmay_temple_entry_poolview,
          gammafunk_ghost_arena, kennysheep_another_room, minmay_starry_boxes,
          uniq_sigmund, uniq_blork_the_orc, uniq_pikel

Skill      XL: |  1  2  3  4  5 |
---------------+----------------+-----
Axes           | 2 3 4 |  4.7
Armour         | 4 |  4.5
Fighting       | 4 |  4.0
Shields        | |  3.8

Action                     |  1- 3 |  4- 6 || total
---------------------------+-------+-------++-------
  Melee: War axe           |   100 |    65 ||   165
    Use: Scroll            |    10 |     1 ||    11
 Armour: Scale mail        |    48 |    65 ||   113
  Dodge: Dodged            |    55 |    34 ||    89
  Block: Buckler           |    15 |    16 ||    31

Table legend: (Time is in decaauts)
 A = Elapsed time spent in this place.
 B = Non-inter-level travel time spent in this place.
 C = Inter-level travel time spent in this place.
 D = Time resting spent in this place.
 E = Time spent auto-exploring this place.
 F = Levels seen in this place.
 G = Mean time per level.
                   A        B        C        D        E       F      G
               +--------+--------+--------+--------+--------+-----+--------+
         Total |   2754 |   2644 |    110 |    189 |   1885 |   4 |  688.5 |
       Dungeon |   2754 |   2644 |    110 |    189 |   1885 |   4 |  688.5 |
               +--------+--------+--------+--------+--------+-----+--------+

Top non-repeatable levels by time:
     D:3: 1061 daAuts
     D:1: 963 daAuts
     D:2: 493 daAuts
     D:4: 236 daAuts
